 Dungeon Crawl Stone Soup version 0.29.1-12-g30fa7ad0bf (webtiles) character file.

Game seed: 2170521411692283597

144770 cowcol the Executioner (level 16, -2/196 HPs)
             Began as a Minotaur Monk on Jan 10, 2023.
             Was the Champion of Hepliaklqana.
             Succumbed to Arachne's poison arrow
             ... on level 3 of the Spider Nest on Jan 11, 2023.
             The game lasted 02:43:47 (37906 turns).

cowcol the Executioner (Minotaur Monk)             Turns: 37906, Time: 02:43:47

Health: -2/196     AC: 38    Str: 28    XL:     16   Next: 85%
Magic:  12/16      EV: 11    Int:  7    God:    Hepliaklqana [******]
Gold:   2983       SH:  0    Dex: 15    Spells: 15/15 levels left

rFire   + . .      SeeInvis +   P - +3 double sword (flame)
rCold   . . .      Faith    .   (no shield)
rNeg    + . .      Spirit   .   Y - +7 plate armour "Wesoteqe" {Rampage rPois rF-}
rPois   +          Reflect  .   (helmet restricted)
rElec   .          Harm     .   M - +4 cloak of Otsoamp {rF+}
rCorr   +          Rampage  +   W - +1 pair of gloves {infuse}
Will    +....                   E - +0 pair of boots
Stlth   ..........              p - amulet of regeneration
HPRegen 1.22/turn               a - ring of Edghiaq {rC+ rN+ rCorr Stlth+}
MPRegen 0.15/turn               i - ring of the Prince of Darkness {Fire Fly Str+6 SInv}

@: mighty, berserking, lethally poisoned (-2 -> -20), flying, very quick
A: reduced essence, horns 2, retaliatory headbutt, iridescent scales 1,
screaming 1
a: Renounce Religion, Recall Ancestor, Ancestor Identity, Transference, Idealise


You were on level 3 of the Spider Nest.
You worshipped Hepliaklqana.
Hepliaklqana was exalted by your worship.
You visited 5 branches of the dungeon, and saw 27 of its levels.
You also visited: Bailey, Gauntlet and Volcano.

You collected 4276 gold pieces.
You spent 1293 gold pieces at shops.

Inventory:

Hand Weapons
 j - a +1 vorpal triple sword
 v - a +5 great sword of holy wrath
 H - a +2 dire flail of flaming
 O - a +0 spear of venom
 P - a +3 double sword of flaming (weapon)
 T - a +3 battleaxe
Missiles
 m - a throwing net
 o - 42 poisoned darts (quivered)
Armour
 C - a +2 scale mail of cold resistance
 E - a +0 pair of boots (worn)
 L - a +3 ring mail of willpower
 M - the +4 cloak of Otsoamp (worn) {rF+}
   (You bought it in a shop on level 2 of the Orcish Mines)

   rF:        It protects you from fire.
 S - a +3 plate armour of fire resistance
 U - a +4 plate armour of cold resistance
 W - a +1 pair of gloves of infusion (worn)
 Y - the +7 plate armour "Wesoteqe" (worn) {Rampage rPois rF-}
   (You bought it in a shop on level 2 of the Orcish Mines)

   rF:        It makes you vulnerable to fire.
   rPois:     It protects you from poison.
   Rampage:   It bestows one free step when moving towards enemies.
Jewellery
 a - the ring of Edghiaq (left hand) {rC+ rN+ rCorr Stlth+}
   (You found it in a Gauntlet)

   [ring of protection from cold]

   rC:        It protects you from cold.
   rN:        It protects you from negative energy.
   rCorr:     It protects you from acid and corrosion.
   Stlth:     It makes you more stealthy.
 c - the ring of Okawaru's Esteem {rElec MP+9 Str+9 Int-4}
   (You found it in a Gauntlet)

   [ring of magical power]

   Str:       It affects your strength (+9).
   Int:       It affects your intelligence (-4).
   rElec:     It insulates you from electricity.
   MP:        It affects your magic capacity (+9).
 i - the ring of the Prince of Darkness (right hand) {Fire Fly Str+6 SInv}
   (You took it off a minotaur in a Gauntlet)

   [ring of fire]

   It enhances your fire magic.
   Str:       It affects your strength (+6).
   rF:        It protects you from fire.
   rC:        It makes you vulnerable to cold.
   SInv:      It lets you see invisible.
   Fly:       It grants you flight.
 k - a +4 ring of slaying
 l - an amulet of guardian spirit
 p - an amulet of regeneration (around neck)
 r - a ring of positive energy
 x - a ring of protection from cold
 z - a ring of fire
 D - the ring "Qacuokyr" {rN+ Will+}
   (You found it on level 5 of the Lair of Beasts)

   [ring of positive energy]

   rN:        It protects you from negative energy.
   Will:      It increases your willpower.
 J - a +6 ring of strength
 R - a ring of willpower
Wands
 f - a wand of digging (6)
 g - a wand of roots (18)
 n - a wand of quicksilver (9)
 I - a wand of mindburst (13)
 Z - a wand of flame (22)
Scrolls
 b - 2 scrolls of fear
 h - 4 scrolls of butterflies
 q - 4 scrolls of teleportation
 s - a scroll of silence
 G - a scroll of blinking
 V - 5 scrolls of identify
Potions
 d - a potion of curing
 t - 4 potions of mutation
 u - 2 potions of brilliance
 w - a potion of ambrosia
 B - a potion of cancellation
 F - 7 potions of flight
 N - 3 potions of invisibility
Miscellaneous
 y - a box of beasts
 A - a phantom mirror
 Q - a condenser vane


   Skills:
 + Level 14.3 Fighting
 * Level 18.4 Long Blades
 * Level 21.5(21.6) Axes
 + Level 3.1(14.5) Polearms
 - Level 2.5 Throwing
 * Level 19.7 Armour
 + Level 6.2 Dodging
 + Level 4.5 Stealth
 - Level 2.6 Invocations
 + Level 0.7 Evocations


You had 15 spell levels left.
You didn't know any spells.
Your spell library contained the following spells:

 Spells                   Type           Power      Damage    Failure   Level
 Apportation              Tloc           0%         N/A       91%         1
 Beastly Appendage        Tmut           0%         N/A       91%         1
 Foxfire                  Conj/Fire      0%         2x1d4     91%         1
 Necrotise                Necr           0%         1d4       91%         1
 Sandblast                Erth           0%         2d4       91%         1
 Summon Small Mammal      Summ           0%         N/A       91%         1
 Ensorcelled Hibernation  Hex/Ice        0%         N/A       97%         2
 Passwall                 Tmut/Erth      0%         N/A       97%         2
 Wereblood                Tmut           0%         N/A       97%         2
 Call Canine Familiar     Summ           0%         N/A       99%         3
 Conjure Flame            Conj/Fire      0%         6-21      99%         3
 Dazzling Flash           Conj/Hex       0%         N/A       99%         3
 Ignite Poison            Fire/Tmut/Pois 0%         N/A       99%         3
 Inner Flame              Hex/Fire       0%         N/A       99%         3
 Mephitic Cloud           Conj/Pois/Air  0%         N/A       99%         3
 Spider Form              Tmut/Pois      0%         N/A       99%         3
 Stone Arrow              Conj/Erth      0%         3d7       99%         3
 Summon Guardian Golem    Hex/Summ       0%         N/A       99%         3
 Swiftness                Air            0%         N/A       99%         3
 Cause Fear               Hex            0%         N/A       100%        4
 Flame Wave               Conj/Fire      0%         2d4       100%        4
 Fulminant Prism          Conj/Hex       0%         3d6       100%        4
 Iskenderun's Mystic Bla  Conj/Tloc      0%         2d3       100%        4
 Leda's Liquefaction      Hex/Erth       0%         N/A       100%        4
 Petrify                  Tmut/Erth      0%         N/A       100%        4
 Blade Hands              Tmut           0%         N/A       100%        5
 Freezing Cloud           Conj/Ice/Air   0%         6-21      100%        5
 Irradiate                Conj/Tmut      0%         3d11      100%        5
 Lee's Rapid Deconstruct  Erth           0%         3d5*      100%        5
 Metabolic Englaciation   Hex/Ice        0%         N/A       100%        5
 Starburst                Conj/Fire      0%         6d3       100%        6
 Statue Form              Tmut/Erth      0%         N/A       100%        6
 Dragon Form              Tmut           0%         N/A       100%        7
 Dragon's Call            Summ           0%         N/A       100%        9


Dungeon Overview and Level Annotations

Branches:
Dungeon (15/15)            Temple (1/1) D:4            Lair (5/5) D:9
 Shoals (0/4) Lair:3       Spider (4/4) Lair:2        Slime (0/5) Lair:4
    Orc (2/2) D:9             Elf (0/3) Orc:2        Vaults (0/5) D:14
 Depths (0/4) D:15         Bailey (visited)         Volcano (visited)
Gauntlet (visited)

Altars:
Ashenzari
Cheibriados
Dithmenos
Elyvilon
Fedhas
Gozag
Hepliaklqana
Kikubaaqudgha
Makhleb
Nemelex Xobeh
Okawaru
Qazlal
Ru
Sif Muna
Trog
Uskayaw
Vehumet
Wu Jian
Xom
Yredelemnul
Zin
The Shining One
Jiyva

Shops:
D:2 *   D:11 :   Orc:2 ([=[

Annotations:
D:15 exclusion: orange crystal statue
Lair:2 exclusion: oklob plant
Spider:3 Arachne


Innate Abilities, Weirdness & Mutations

Your life essence is reduced to manifest your ancestor. (-10% HP)
You have a pair of horns on your head.
You reflexively headbutt those who attack you in melee.
You are partially covered in iridescent scales. (AC +2)
You occasionally shout uncontrollably at your foes.


Message History

A red film seems to cover your vision as you go berserk!
You feel yourself moving faster!
You feel mighty!
You feel sick.
Arachne's staff shoots out a stream of webbing.
The stream of webbing hits you but does no damage.
You are caught in a web!
Arachne casts a spell at you.
The bolt of poison hits you but does no damage.
You are more poisoned.
You resist.
You feel a strong urge to attack something.
You feel very sick. Arachne hits you but does no damage. Arachne envenoms you.
* * * LOW HITPOINT WARNING * * *
You are more poisoned.
You slice Arachne!! You burn Arachne.
Arachne is lightly wounded.
You feel very sick.
You slash Arachne! You burn Arachne.
Arachne is moderately wounded.
You feel very sick.
Arachne hits you with a staff of poison.
* * * LOW HITPOINT WARNING * * *
Arachne envenoms you.
* * * LOW HITPOINT WARNING * * *
You closely miss Arachne. Your headbutt misses Arachne.
Arachne is moderately wounded.
You feel sick.
Arachne stares at you and mumbles some strange words.
The poison arrow hits you!
You are lethally poisoned!
You partially resist.
* * * LOW HITPOINT WARNING * * *
You are too berserk!
You slice Arachne!! You burn Arachne. Your headbutt misses Arachne.
Arachne is heavily wounded.
* * * LOW HITPOINT WARNING * * *
You feel very sick.
You slice Arachne!! You burn Arachne!
Arachne is heavily wounded.
You die...

...........#...#....###^.....#...
..............^#....##......##...
..............^#.....#.......#^..
.........^....##.....>...^..##...
...#.........^###..........#.^..>
.....#^##.....^.###........#...##
....######.^...........#........#
...####.#^......H..............##
#####.^.........@.....^.##.....##
#....#^.##.....#.....##^^...#
##..^.#^......^.#...^..#.#...#
##.....##.......##^.....###...#
##.#....#.........##^......###.#
##.......#.........)#.......^####
........##......^.###...##.......
........#.....^..##.#..<.#.......
........#....##..#..###..#.......


You could see Arachne.

Vanquished Creatures
  Rupert (D:13)
  Agnes (D:15)
  Donald (Orc:2)
  A fenstrider witch (shapeshifter) (D:15)
  An emperor scorpion (D:15)
  2 ghost moths
  3 entropy weavers (Spider:2)
  Snorg (D:13)
  Josephine (Orc:2)
  3 boulder beetles
  An ogre mage (D:15)
  6 centaur warriors
  4 hydras
  A death knight (D:13)
  3 radroaches
  11 two-headed ogres
  3 tengu warriors
  8 death yaks
  Nergalle (Lair:1)
  Urug (Lair:4)
  A sun demon (Gauntlet)
  3 pharaoh ants
  2 skeletal warriors (Volcano)
  2 steelbarb worms (Spider:2)
  4 orb spiders
  A lindwurm (Lair:5)
  3 deep elf pyromancers
  An anaconda skeleton (Volcano)
  A harpy (shapeshifter) (D:14)
  An orc knight (D:15)
  4 orc sorcerers (Orc:2)
  8 wolf spiders
  3 cyclopes
  A salamander (shapeshifter) (D:15)
  11 elephants
  A toenail golem (Volcano)
  A moth of wrath (Spider:3)
  A black mamba (Lair:5)
  8 torpor snails
  9 demonic crawlers
  6 gargoyles
  7 cane toads
  A kobold demonologist (D:10)
  4 tengu conjurers
  2 rime drakes (Lair:5)
  5 komodo dragons
  2 polar bears
  2 tyrant leeches (Lair:5)
  12 tarantellas
  2 trolls
  5 hornets
  9 slime creatures
  3 blink frogs
  20 culicivoras
  A jumping spider (shapeshifter) (D:14)
  A water elemental (D:14)
  11 jumping spiders
  An alligator skeleton (Volcano)
  3 flying skulls (Volcano)
  A shadow (D:12)
  A vampire (D:13)
  3 wyverns
  2 basilisks (Lair:5)
  34 yaks
  Grum (Lair:1)
  2 wraiths (Orc:2)
  A steam dragon (D:8)
  33 redbacks
  3 wargs
  A hell hound (Gauntlet)
  4 acid dragons
  12 water moccasins
  15 orc warriors
  5 ogres
  7 wolves
  12 centaurs
  2 kobold brigands
  10 bullfrogs
  2 scorpions
  A wight (D:7)
  6 killer bees
  3 howler monkeys
  An electric eel (Spider:1)
  A hound (D:5)
  13 orc priests
  Ijyb (D:3)
  Jessica (D:3)
  6 iguanas
  26 orc wizards
  A naga skeleton (Volcano)
  5 gnolls
  2 adders
  A white imp (D:6)
  2 ufetubi
  2 worms
  A dart slug (D:3)
  63 orcs
  4 ball pythons
  6 endoplasms
  2 giant cockroaches
  11 goblins
  4 hobgoblins
  2 quokkas (D:1)
  6 bats
  2 frilled lizards
  25 kobolds
  2 rats (D:2)
  A bush (Lair:5)
  A fungus (Lair:5)
570 creatures vanquished.

Vanquished Creatures (collateral kills)
  An entropy weaver (Spider:4)
  A minotaur (Gauntlet)
  2 fire dragons (Lair:5)
  2 hydras
  3 boulder beetles
  A jorogumo (Spider:1)
  A centaur warrior (D:14)
  A tengu warrior (D:15)
  2 death yaks
  A sun moth (Spider:3)
  2 pharaoh ants
  A swamp dragon (Lair:5)
  A harpy (shapeshifter) (D:14)
  8 orb spiders
  2 wolf spiders
  An anaconda skeleton (Volcano)
  4 orc sorcerers (Orc:2)
  A manticore (D:15)
  An ugly thing (D:13)
  A moth of wrath (Spider:3)
  9 elephants
  2 gargoyles
  A black mamba (Lair:4)
  A torpor snail (Lair:2)
  2 kobold demonologists
  A cane toad (Lair:4)
  5 demonic crawlers
  2 hellions (Gauntlet)
  A rime drake (Lair:5)
  3 komodo dragons (Lair:5)
  Psyche (D:8)
  An unseen horror (D:11)
  8 tarantellas
  4 hornets
  2 slime creatures (D:15)
  2 tyrant leeches (Lair:5)
  6 blink frogs
  11 jumping spiders
  A water elemental (D:15)
  6 culicivoras
  11 yaks
  4 wraiths
  3 basilisks
  A golden eye (shapeshifter) (D:15)
  2 steam dragons (Lair:5)
  30 redbacks
  2 wargs (Orc:2)
  An acid dragon (D:8)
  2 water moccasins
  A hell hound (Gauntlet)
  A swamp drake (Lair:5)
  10 orc warriors
  An ice beast (D:8)
  2 black bears
  4 centaurs
  3 ogres
  A sky beast (D:6)
  4 wolves
  4 boggarts (D:14)
  A centaur (shapeshifter) (D:15)
  2 phantoms
  2 kobold brigands (D:9)
  2 bullfrogs (Lair:1)
  2 necrophages
  3 scorpions
  A gnoll sergeant (D:11)
  2 wights (D:7)
  3 killer bees (D:9)
  An electric eel (Spider:2)
  2 howler monkeys (D:9)
  4 hounds
  7 orc priests
  A jelly (D:5)
  A gnoll bouda (D:7)
  12 orc wizards
  5 iguanas
  A naga skeleton (Volcano)
  7 gnolls
  2 adders (D:6)
  A shadow imp (D:7)
  2 white imps
  An ufetubus (D:6)
  2 worms
  51 orcs
  13 kobolds
  A butterfly (Lair:1)
325 creatures vanquished.

Vanquished Creatures (others)
  An ogre mage (D:15)
  A tarantella (Spider:3)
  An orc wizard (Orc:2)
  59 battlemagi
  A bush (Lair:1)
  19 fungi
  61 plants
143 creatures vanquished.

Grand Total: 1038 creatures vanquished

Notes
Turn   | Place    | Note
-------+----------+-------------------------------------------
     0 | D:1      | cowcol the Minotaur Monk began the quest for the Orb.
     0 | D:1      | Reached XP level 1. HP: 19/19 MP: 0/0
   463 | D:1      | Reached XP level 2. HP: 23/27 MP: 1/1
   545 | D:1      | Reached skill level 4 in Axes
   606 | D:1      | Reached skill level 1 in Armour
   985 | D:2      | Found Zuprup's Assorted Antiques.
  1093 | D:2      | Reached XP level 3. HP: 29/33 MP: 2/2
  1908 | D:3      | Noticed Jessica
  1919 | D:3      | Killed Jessica
  1920 | D:3      | Reached XP level 4. HP: 32/37 MP: 3/3
  2210 | D:3      | Noticed Ijyb
  2220 | D:3      | Killed Ijyb
  2221 | D:3      | Reached skill level 5 in Axes
  2562 | D:3      | Reached XP level 5. HP: 41/46 MP: 4/4
  2686 | D:3      | Reached skill level 1 in Long Blades
  2982 | D:4      | Noticed an ogre
  2991 | D:4      | Killed an ogre
  3149 | D:4      | Found a staircase to the Ecumenical Temple.
  3153 | D:4      | Reached XP level 6. HP: 53/53 MP: 5/5
  3171 | Temple   | Entered the Ecumenical Temple
  3194 | Temple   | Became a worshipper of Hepliaklqana the Forgotten
  3194 | Temple   | Reached * piety under Hepliaklqana
  3194 | Temple   | Reached ** piety under Hepliaklqana
  3195 | Temple   | Remembered your ancestor Jaydra as a battlemage
  3243 | D:4      | Found an ancient bone altar of Kikubaaqudgha.
  3452 | D:4      | Reached skill level 1 in Throwing
  3958 | D:5      | Entered Level 5 of the Dungeon
  3993 | D:5      | Reached XP level 7. HP: 43/54 MP: 6/6
  4081 | D:5      | Reached skill level 6 in Axes
  4295 | D:5      | Reached skill level 5 in Armour
  4368 | D:5      | Found a sparkling altar of Nemelex Xobeh.
  4372 | D:5      | Found a broken altar of Ashenzari.
  4462 | D:5      | Found a hide-covered altar of Uskayaw.
  4465 | D:5      | Found a radiant altar of Vehumet.
  4468 | D:5      | Found an opulent altar of Gozag.
  4473 | D:5      | Found an iron altar of Okawaru.
  4632 | D:6      | Reached skill level 7 in Axes
  4637 | D:6      | Reached skill level 5 in Fighting
  4637 | D:6      | Reached XP level 8. HP: 61/61 MP: 7/7
  4881 | D:6      | Found a shimmering altar of Xom.
  4882 | D:6      | Found a basalt altar of Yredelemnul.
  4965 | D:6      | Reached *** piety under Hepliaklqana
  5027 | D:6      | Noticed a kobold demonologist
  5038 | D:6      | Noticed an orange demon
  5043 | D:6      | Killed a kobold demonologist
  5044 | D:6      | Reached skill level 8 in Axes
  5246 | D:7      | Reached skill level 5 in Long Blades
  5307 | D:7      | Reached XP level 9. HP: 67/67 MP: 8/8
  5866 | D:8      | Found a flagged portal.
  5873 | Bailey   | Entered a bailey
  5941 | Bailey   | Reached skill level 9 in Axes
  6346 | D:8      | Noticed Psyche
  6358 | D:8      | Killed Psyche
  6359 | D:8      | Reached skill level 10 in Axes
  6509 | D:8      | Found a glowing silver altar of Zin.
  6557 | D:8      | Found a glowing golden altar of the Shining One.
  6560 | D:8      | Found a white marble altar of Elyvilon.
  6596 | D:8      | Reached XP level 10. HP: 75/75 MP: 9/9
  6616 | D:8      | Reached **** piety under Hepliaklqana
  7065 | D:8      | Identified a scroll of acquirement
  7067 | D:8      | Acquired a +0 pair of gloves of infusion
  7264 | D:2      | Bought a scroll of enchant weapon for 127 gold pieces
  7642 | D:9      | Reached skill level 10 in Armour
  7794 | D:9      | Found a staircase to the Lair.
  7803 | D:9      | Reached skill level 11 in Axes
  8319 | D:9      | Found a snail-covered altar of Cheibriados.
  8437 | D:9      | Reached skill level 12 in Axes
  8539 | D:9      | Found a staircase to the Orcish Mines.
  8803 | Lair:1   | Entered Level 1 of the Lair of Beasts
  8903 | Lair:1   | Acquired 910 gold pieces
  8996 | Lair:1   | Noticed a cane toad
  9006 | Lair:1   | Killed a cane toad
  9007 | Lair:1   | Reached XP level 11. HP: 83/84 MP: 6/10
  9050 | Lair:1   | Noticed Grum
  9053 | Lair:1   | Reached skill level 13 in Axes
  9062 | Lair:1   | Killed Grum
  9152 | Lair:1   | Noticed a seven-headed hydra
  9160 | Lair:1   | Killed a seven-headed hydra
  9477 | Lair:1   | Noticed Nergalle
  9484 | Lair:1   | Killed Nergalle
  9774 | Lair:2   | Noticed a death yak
  9775 | Lair:2   | Noticed a death yak
  9788 | Lair:1   | Killed a death yak
  9789 | Lair:1   | Reached skill level 14 in Axes
  9789 | Lair:1   | Reached skill level 1 in Polearms
  9834 | Lair:2   | Killed a death yak
  9836 | Lair:2   | Noticed a death yak
  9846 | Lair:2   | Killed a death yak
 10047 | Lair:2   | Reached ***** piety under Hepliaklqana
 10152 | Lair:2   | Noticed an eight-headed hydra
 10322 | Lair:2   | Killed an eight-headed hydra
 10323 | Lair:2   | Reached skill level 15 in Axes
 10615 | Lair:2   | Reached skill level 5 in Dodging
 11096 | Lair:2   | Reached XP level 12. HP: 83/93 MP: 6/11
 12072 | Lair:2   | Found a hole to the Spider Nest.
 12159 | Lair:2   | Reached skill level 1 in Invocations
 12919 | Lair:3   | Reached skill level 16 in Axes
 13196 | Lair:3   | Found a staircase to the Shoals.
 13322 | Lair:3   | Noticed an eight-headed hydra
 13331 | Lair:3   | Killed an eight-headed hydra
 13726 | Lair:4   | Noticed a seven-headed hydra
 13733 | Lair:4   | Killed a seven-headed hydra
 13799 | Lair:4   | Found a gate leading to a gauntlet.
 13820 | Gauntlet | Entered a Gauntlet
 13820 | Gauntlet | Noticed a tengu warrior
 13820 | Gauntlet | Found a transporter.
 13820 | Gauntlet | Found a transporter.
 13820 | Gauntlet | Found a transporter.
 13820 | Gauntlet | Found a transporter.
 13824 | Gauntlet | Found a transporter.
 13824 | Gauntlet | Found a transporter.
 13863 | Gauntlet | Found a transporter.
 13864 | Gauntlet | Found a transporter.
 13869 | Gauntlet | Noticed a great orb of eyes
 13873 | Gauntlet | Found a transporter.
 13976 | Gauntlet | Found a transporter.
 13978 | Gauntlet | Found a transporter.
 13988 | Gauntlet | Found a transporter.
 14051 | Gauntlet | Killed a tengu warrior
 14056 | Gauntlet | Reached skill level 17 in Axes
 14073 | Gauntlet | Identified the ring of Edghiaq {rC+ rN+ rCorr Stlth+}
 14107 | Gauntlet | Identified the ring of Okawaru's Esteem {rElec MP+9 Str+9
                  | Int-4}
 14132 | Gauntlet | Identified the ring "Exeunt" {Fly Will+}
 14231 | Gauntlet | Identified the ring of the Prince of Darkness {Fire Fly
                  | Str+6 SInv}
 14231 | Gauntlet | Noticed a minotaur
 14237 | Gauntlet | Killed a minotaur
 14238 | Gauntlet | Reached XP level 13. HP: 90/101 MP: 8/13
 14390 | Lair:4   | Noticed Urug
 14401 | Lair:4   | Killed Urug
 14551 | Lair:4   | Reached skill level 10 in Fighting
 14551 | Lair:4   | Reached skill level 15 in Armour
 15133 | Lair:4   | Found a viscous altar of Jiyva.
 15134 | Lair:4   | Found a staircase to the Slime Pits.
 15243 | Lair:5   | Entered Level 5 of the Lair of Beasts
 15577 | Lair:5   | Noticed a fire dragon
 15584 | Lair:5   | Killed a fire dragon
 15585 | Lair:5   | Reached skill level 18 in Axes
 17132 | Lair:5   | Reached XP level 14. HP: 108/109 MP: 11/14
 17255 | Lair:5   | Reached skill level 19 in Axes
 18019 | Lair:5   | Found a runed translucent door.
 18498 | Lair:5   | Identified the ring "Qacuokyr" {rN+ Will+}
 18551 | Lair:5   | Paralysed by a hornet for 1 turns
 19161 | Orc:1    | Entered Level 1 of the Orcish Mines
 19185 | Orc:2    | Entered Level 2 of the Orcish Mines
 19185 | Orc:2    | Noticed Josephine
 19191 | Orc:2    | Killed Josephine
 19197 | Orc:2    | Found a staircase to the Elven Halls.
 19247 | Orc:1    | Found a dark tunnel.
 19256 | Volcano  | Entered a volcano
 19800 | Orc:1    | Found a bloodstained altar of Trog.
 19986 | Orc:1    | Reached skill level 20 in Axes
 20517 | Orc:2    | Found Toerig's Jewellery Shop.
 20517 | Orc:2    | Found Arehuluf's Antique Armour Shoppe.
 20534 | Orc:2    | Bought an ancient cloak for 266 gold pieces
 20534 | Orc:2    | Identified the +4 cloak of Otsoamp {rF+} (You bought it in
                  | a shop on level 2 of the Orcish Mines)
 20734 | Orc:2    | Noticed Donald
 20743 | Orc:2    | Killed Donald
 20852 | Orc:2    | Reached ****** piety under Hepliaklqana
 20961 | Orc:2    | Found Cowe's Antique Weapon Shop.
 20961 | Orc:2    | Found Mumar's Antique Armour Shoppe.
 21067 | Orc:2    | Bought a pair of distressingly furry gloves for 228 gold
                  | pieces
 21067 | Orc:2    | Identified the +0 pair of gloves of Recklessness {Will+}
                  | (You bought it in a shop on level 2 of the Orcish Mines)
 21067 | Orc:2    | Bought a dazzling plate armour for 672 gold pieces
 21067 | Orc:2    | Identified the +7 plate armour "Wesoteqe" {Rampage rPois
                  | rF-} (You bought it in a shop on level 2 of the Orcish
                  | Mines)
 21097 | Orc:2    | Gained mutation: You have hidden genetic defects. [a
                  | neqoxec]
 21513 | D:10     | Entered Level 10 of the Dungeon
 21549 | D:10     | Found a stormy altar of Qazlal.
 21697 | D:10     | Found a sacrificial altar of Ru.
 21855 | D:10     | Identified the +10 rapier "Woko Odoa" {pain, rN+}
 21957 | D:10     | Reached skill level 10 in Long Blades
 22217 | D:11     | Found Afohes's Book Boutique.
 23437 | D:12     | Found a glowing golden altar of the Shining One.
 23495 | D:12     | Gained mutation: You do not regenerate when monsters are
                  | visible. [hidden defects]
 23632 | Lair:1   | Lost mutation: You have hidden genetic defects. [potion of
                  | mutation]
 23632 | Lair:1   | Lost mutation: You do not regenerate when monsters are
                  | visible. [potion of mutation]
 23632 | Lair:1   | Gained mutation: You occasionally shout uncontrollably at
                  | your foes. [potion of mutation]
 23632 | Lair:1   | Gained mutation: You are partially covered in iridescent
                  | scales. (AC +2) [potion of mutation]
 23931 | D:13     | Noticed Rupert
 23945 | D:13     | Killed Rupert
 23946 | D:13     | Reached XP level 15. HP: 81/119 MP: 6/15
 24033 | D:13     | Noticed Snorg
 24041 | D:13     | Killed Snorg
 25109 | D:14     | Found a gate to the Vaults.
 25864 | D:15     | Entered Level 15 of the Dungeon
 25916 | D:15     | Noticed Agnes
 25983 | D:15     | Reached skill level 15 in Long Blades
 26455 | D:15     | Killed Agnes
 26486 | D:15     | Noticed an emperor scorpion
 26507 | D:15     | Killed an emperor scorpion
 26695 | D:15     | Found a hide-covered altar of Uskayaw.
 26754 | D:15     | Identified the +1 robe "Dah Ystruw" {rN+ Stlth+}
 27113 | D:15     | Found a staircase to the Depths.
 27455 | D:15     | Noticed a fenstrider witch
 27462 | D:15     | Killed a fenstrider witch
 27932 | Spider:1 | Entered Level 1 of the Spider Nest
 29436 | Lair:2   | Reached XP level 16. HP: 85/128 MP: 0/16
 29973 | Spider:1 | Reached skill level 21 in Axes
 36790 | Spider:4 | Entered Level 4 of the Spider Nest
 37869 | Spider:4 | Noticed Arachne
 37904 | Spider:3 | HP: 4/196 [Arachne/poison arrow (16)]
 37905 | Spider:3 | HP: 1/196 [poisoned by Arachne (poison arrow)]
 37906 | Spider:3 | Succumbed to Arachne's poison arrow

Illustrated notes

Levels and vault maps discovered:
D:1:      ebering_trefoil_3fold, layout_basic
D:2:      layout_rooms, serial_shops, shop, nrook_uturn
D:3:      layout_basic, kennysheep_another_room, uniq_ijyb, uniq_jessica
D:4:      layout_basic, mainiacjoe_overflow_catwalk, minmay_temple_entry_trees,
          serial_co_window_serial, co_window_of_opportunity_a,
          co_window_paths_a, co_window_of_opportunity_a, co_window_corner_a,
          co_window_of_opportunity_a, co_window_paths_a,
          co_window_of_opportunity_a, co_window_broadway_a, co_window_2corner,
          co_window_broadway_c, co_window_corner_cb, co_window_corner_b,
          glass_columns_a, glass_columns_c, glass_columns_b, glass_columns_a,
          chequers_serial_rivers_micro_d
D:5:      layout_cave_pools, nicolae_overflow_hallway_of_the_gods
D:6:      layout_basic, mainiacjoe_overflow_divided_tiny, minmay_manual_mullet
D:7:      layout_rooms
D:8:      layout_basic, good_gods_mini_temple, enter_bailey_3, uniq_psyche
D:9:      layout_basic, slow_altar_1, david_lair_generic, david_orc_5,
          abandoned_shop, dk_rats_in_the_wall
D:10:     layout_basic, nicolae_ru_path_of_blood, mainiacjoe_overflow_brackets
D:11:     layout_basic, serial_shops, shop
D:12:     layout_cave_pools, tso_oasis_becter
D:13:     layout_roguey, uniq_rupert, uniq_snorg
D:14:     layout_basic, david_vaults_2, hex_medium
D:15:     hangedman_depths_entry_try_elsewhere_first, layout_loops_corners,
          minmay_misc_feat_encased, minivault_16, minivault_14,
          nicolae_uskayaw_dance_hall, uniq_agnes
Temple:   hellmonk_temple_of_storms
Lair:1:   layout_gridlike, lemuel_fruit_fields, uniq_grum, uniq_nergalle
Lair:2:   layout_regular_city, nicolae_spider_entry_tight_spaces
Lair:3:   layout_big_grid, minmay_shoals_entry_centaurs
Lair:4:   layout_regular_city, dpeg_slime_entry_enclosed,
          gauntlet_entry_generic, beast_lair_carwin_2, lemuel_fruit_tree,
          grunt_megastairs_5, uniq_urug
Lair:5:   wormcave, layout_misc_corridors, guppyfry_lair_end_dragon,
          serial_bayou_shore_b
Spider:1: layout_spider_delve, drop_trap, worms_lemuel
Spider:2: layout_spider_delve
Spider:3: layout_spider_delve
Spider:4: johnstein_spider_rune_arachne_lair
Orc:1:    layout_caves, nicolae_volcano_entry_lava_flow, trog_butcher_becter
Orc:2:    st_orc_town, layout_caves, nicolae_orc_pool_cavern, uniq_josephine,
          uniq_donald

Skill      XL: |  1  2  3  4  5  6  7  8  9 10 11 12 13 14 15 16 |
---------------+-------------------------------------------------+-----
Axes           | 4 5 7 8 10 12 15 17 18 20 21 | 21.5
Armour         | 1 2 3 4 5 7 9 11 12 14 16 17 18 19 | 19.7
Fighting       | 4 5 6 8 9 10 12 13 14 | 14.3
Stealth        | 2 3 4 |  4.5
Long Blades    | 2 3 5 8 11 17 18 | 18.4
Throwing       | 1 2 |  2.5
Dodging        | 4 5 6 |  6.2
Polearms       | 1 2 3 |  3.1
Invocations    | 2 |  2.6
Evocations     | |  0.7

Action                   |  1- 3 |  4- 6 |  7- 9 | 10-12 | 13-15 | 16-18 || total
-------------------------+-------+-------+-------+-------+-------+-------++-------
Melee: War axe           |    72 |    32 |    55 |       |       |       ||   159
       Headbutt          |    10 |    13 |    18 |    61 |   190 |    77 ||   369
       Punch             |     1 |       |       |       |    10 |       ||    11
       Great sword       |       |    35 |    59 |       |       |       ||    94
       Battleaxe         |       |       |     9 |   285 |   332 |       ||   626
       Trident           |       |       |       |    16 |     6 |       ||    22
       Double sword      |       |       |       |       |   385 |   335 ||   720
Throw: Stone             |    14 |    10 |       |       |       |       ||    24
       Dart              |       |    11 |    11 |    21 |    26 |    29 ||    98
Invok: Ancestor Life: Ba |       |     1 |       |       |       |       ||     1
       Idealise          |       |       |       |     3 |       |     1 ||     4
       Transference      |       |       |       |     1 |     1 |       ||     2
       Recall Ancestor   |       |       |       |       |     9 |     1 ||    10
Evoke: Wand              |       |       |       |     1 |     4 |     8 ||    13
       Phantom mirror    |       |       |       |       |     1 |       ||     1
  Use: Scroll            |     1 |     6 |     6 |    14 |    15 |     6 ||    48
       Potion            |       |     1 |     3 |    10 |    22 |     5 ||    41
 Stab: Distracted        |       |       |     2 |     6 |    14 |     3 ||    25
Armor: Chain mail        |    13 |       |       |       |       |       ||    13
       Robe              |     1 |       |       |       |       |       ||     1
       Scale mail        |    19 |    36 |    81 |     4 |       |       ||   140
       Plate armour      |       |       |       |   217 |   718 |   363 ||  1298
Dodge: Dodged            |    38 |    45 |    91 |   158 |   469 |   210 ||  1011
